 Dungeon Crawl Stone Soup version 0.18-a0-1610-g0a7c96e (webtiles) character file.

128 Fuzzwah the Shooter (level 4, 0/37 HPs)
             Began as a Centaur Hunter on Mar 22, 2016.
             Slain by an iguana (7 damage)
             ... on level 4 of the Dungeon.
             The game lasted 00:09:59 (1917 turns).

Fuzzwah the Shooter (Centaur Hunter)                Turns: 1917, Time: 00:10:00

Health: 0/37       AC:  6    Str: 13 (14) XL:     4   Next: 87%
Magic:  4/4        EV:  5    Int:  9 (10) God:
Gold:   131        SH:  6    Dex: 10 (11) Spells: 0 memorised, 3 levels left

rFire  . . .     SeeInvis .     b - +0 short sword
rCold  . . .     Gourm    .     n - +0 ring mail
rNeg   . . .     Faith    .     j - +0 shield
rPois  .         Spirit   .     (helmet restricted)
rElec  .         Dismiss  .     h - +0 cloak
rCorr  .         Reflect  .     (no gloves)
SustAt +         Harm     .     (no barding)
MR     +....                    p - amulet of regeneration {+regen, !d}
Stlth  ..........               o - ring of protection from magic {MR+, !d}
                                k - ring of sustain attributes

@: drained, very quick, somewhat resistant to hostile enchantments, extremely
unstealthy
A: hooves 3, horns 1, blink, blurry vision 1, deformed body, speed 2, tough skin
3
a: Blink


You were on level 4 of the Dungeon.
You were not hungry.

You visited 1 branch of the dungeon, and saw 4 of its levels.

You collected 131 gold pieces.

Inventory:

Hand Weapons
 a - a +1 shortbow
 b - a +0 short sword (weapon)
Missiles
 d - 3 arrows
 i - a throwing net {=f, !d}
Armour
 h - a +0 cloak (worn)
   (You found it on level 2 of the Dungeon)
 j - a +0 shield (worn)
   (You found it on level 1 of the Dungeon)
 n - a +0 ring mail (worn)
   (You found it on level 2 of the Dungeon)
Jewellery
 k - a ring of sustain attributes (left hand)
   (You found it on level 1 of the Dungeon)
 o - a ring of protection from magic (right hand) {MR+, !d}
   (You found it on level 1 of the Dungeon)
 p - an amulet of regeneration (around neck) {+regen, !d}
   (You found it on level 3 of the Dungeon)
 r - an uncursed amulet of guardian spirit {unknown}
   (You found it on level 3 of the Dungeon)
Scrolls
 e - 3 scrolls of remove curse {unknown}
 l - 2 scrolls of recharging {unknown}
 m - 3 scrolls of amnesia {unknown}
 q - a scroll of identify {unknown}
 s - a scroll of random uselessness {unknown}
 t - a scroll of fog {unknown}
 u - a scroll of enchant weapon {unknown}
Comestibles
 c - a royal jelly
 f - a bread ration {@e1}


   Skills:
 - Level 2.5(2.1) Fighting
 * Level 6.4(5.9) Bows
 + Level 0.2(0.0) Armour
 + Level 2.2(1.8) Dodging
 + Level 1.8(1.4) Stealth


You had 3 spell levels left.
You didn't know any spells.

Dungeon Overview and Level Annotations

Branches:
Dungeon (4/15)
 Temple: D:4-7

Altars:
Cheibriados
Pakellas
Ru
Vehumet
Xom

Annotations:
D:4 Robin


Innate Abilities, Weirdness & Mutations

You have hooves in place of feet.
Armour fits poorly on your strangely shaped body.
You cover ground very quickly.
You have extremely tough skin (AC +3).
You have a pair of small horns on your head.
You can translocate small distances at will.
Scrolls take you a little longer to read.


Message History

Robin throws the goblin at you!
There is an open door here.
Aim: a goblin (unusually strong)
You shoot an arrow. The arrow closely misses the goblin.
The goblin hits you.
You take 1 damage, and have 36/37 hp.
Aim: a goblin (unusually strong)
You shoot an arrow. The arrow hits the goblin.
You kill the goblin!
Health restored: 37
Aim: a hobgoblin, wielding a club (unusually strong)
You shoot an arrow. The arrow closely misses the hobgoblin.
Aim: a hobgoblin, wielding a club (unusually strong)
You shoot an arrow. The arrow barely misses the hobgoblin.
Aim: a hobgoblin, wielding a club (unusually strong)
You shoot an arrow. The arrow hits the hobgoblin!
You kill the hobgoblin!
Aim: a hobgoblin (unusually strong)
You shoot an arrow. The arrow closely misses the hobgoblin.
The goblin shouts!
Robin throws the goblin at you!
Really attack while wielding your +1 shortbow? [Y]es or [N]o only, please.
Really attack while wielding your +1 shortbow?
Okay, then.
Wield which item (- for none, * to show all)? (? for menu, Esc to quit)
b - a +0 short sword (weapon)
The goblin hits you. The hobgoblin hits you.
You take 7 damage, and have 30/37 hp.
Wear which item? (? for menu, Esc to quit)
The goblin closely misses you. The hobgoblin hits you.
Keep equipping yourself?
You start putting on your armour.
You continue putting on your shield.
The goblin hits you but does no damage.
The hobgoblin hits you but does no damage.
You continue putting on your shield.
The goblin barely misses you. The hobgoblin hits you.
You continue putting on your shield.
The goblin closely misses you.
The hobgoblin hits you but does no damage.
You continue putting on your shield.
The goblin hits you. The hobgoblin barely misses you.
You finish putting on your +0 shield.
You take 6 damage, and have 24/37 hp.
You hit the goblin but do no damage. You kick the goblin.
The goblin no longer looks unusually strong.
The goblin hits you but does no damage. You block the hobgoblin's attack.
You hit the goblin.
You kill the goblin!
The goblin no longer looks unusually strong.
You block the hobgoblin's attack. Robin throws the goblin at you!
You hit the goblin. You kick the goblin. You block the goblin's attack.
The hobgoblin hits you but does no damage.
Your shield and ring mail prevent you from hitting the goblin.
You kick the goblin, but do no damage.
The goblin no longer looks unusually strong.
The hobgoblin no longer looks unusually strong.
The goblin barely misses you. You block the hobgoblin's attack.
You hit the goblin.
You kill the goblin!
The hobgoblin hits you but does no damage.
You hit the hobgoblin. You kick the hobgoblin. The hobgoblin hits you.
Robin roars a battlecry!
The goblins go into a battle-frenzy!
The hobgoblin hits you.
You take 2 damage, and have 25/37 hp.
You hit the hobgoblin.
You kill the hobgoblin!
The goblin wields a glowing hunting sling.
The goblin shoots a stone.
The stone hits you.
You take 2 damage, and have 23/37 hp.
You see here a hobgoblin corpse.
You closely miss the goblin. Your kick misses the goblin.
You headbutt the goblin.
You kill the goblin!
A worker ant comes into view.
You closely miss the iguana.
The worker ant twitches its antennae in your direction.
The iguana bites you! Robin throws the goblin at you!
The goblin hits you but does no damage.
You take 11 damage, and have 13/37 hp.
MASSIVE DAMAGE!!
You closely miss the iguana. Your kick misses the iguana.
You block the iguana's attack. The goblin hits you with a club.
You hit the iguana but do no damage. You kick the iguana.
Your headbutt misses the iguana. You block the iguana's attack.
The goblin hits you but does no damage.
You hit the iguana but do no damage. You headbutt the iguana.
You block the iguana's attack. The goblin completely misses you.
The iguana bites you!
* * * LOW HITPOINT WARNING * * *
You take 11 damage, and have 2/37 hp.
MASSIVE DAMAGE!!
Drink which item? (? for menu, Esc to quit)
You feel better. The goblin hits you but does no damage. The iguana bites you.
* * * LOW HITPOINT WARNING * * *
You regained 4 hp, and now have 6/37 hp.
You closely miss the goblin. The goblin completely misses you.
The iguana bites you but does no damage.
You completely miss the goblin. Your kick misses the goblin.
The iguana bites you!
You die...

...((gg.# ..(.((.g'
....(.gg# ....(...#
.....(.g# )...(...#
######### ......((#
#.......#
.......†#######.......######
........agl@g)'.............
........#######.......######
........# #.......#
........# #.......#
######### #.......#
#.......# #.....<.#
#########


You could see an iguana, a worker ant, Robin and a goblin.

Vanquished Creatures
  Jessica (D:2)
  3 adders
  A worm (D:3)
  2 dart slugs (D:1)
  An orc (D:4)
  6 bats
  4 giant cockroaches
  14 goblins
  11 hobgoblins
  3 ball pythons
  4 giant newts
  7 kobolds
  6 rats
63 creatures vanquished.

Notes
Turn   | Place    | Note
--------------------------------------------------------------
     0 | D:1      | Fuzzwah the Centaur Hunter began the quest for the Orb.
     0 | D:1      | Reached XP level 1. HP: 17/17 MP: 1/1
    88 | D:1      | Reached XP level 2. HP: 24/24 MP: 2/2
   352 | D:1      | Reached skill level 1 in Stealth
   554 | D:2      | Found an oddly glowing altar of Pakellas.
   568 | D:2      | Reached XP level 3. HP: 21/30 MP: 3/3
   702 | D:2      | Gained mutation: You can translocate small distances at will. [potion of mutation]
   702 | D:2      | Gained mutation: Scrolls take you a little longer to read. [potion of mutation]
   702 | D:2      | Gained mutation: You have a pair of small horns on your head. [potion of mutation]
  1068 | D:2      | Reached skill level 6 in Bows
  1083 | D:2      | Noticed Jessica
  1085 | D:2      | Killed Jessica
  1085 | D:2      | Reached skill level 2 in Dodging
  1085 | D:2      | Reached XP level 4. HP: 37/37 MP: 4/4
  1528 | D:3      | Found a radiant altar of Vehumet.
  1528 | D:3      | Found a snail-covered altar of Cheibriados.
  1615 | D:3      | Found a shimmering altar of Xom.
  1615 | D:3      | Found a shimmering altar of Xom.
  1617 | D:3      | Found a shimmering altar of Xom.
  1618 | D:3      | Found a shimmering altar of Xom.
  1618 | D:3      | Found a shimmering altar of Xom.
  1625 | D:3      | Found a shimmering altar of Xom.
  1625 | D:3      | Found a shimmering altar of Xom.
  1728 | D:3      | Found a sacrificial altar of Ru.
  1882 | D:4      | Noticed Robin
  1914 | D:4      | HP: 2/37 [iguana (12)]
  1917 | D:4      | Slain by an iguana

Vault maps used:
D:1:      lightli_arrival_farm
D:2:      grunt_pakellas_basics, uniq_jessica
D:3:      nicolae_ru_awakened_eye, gammafunk_temple_overflow_pools,
          xom_redecorated
D:4:      lemuel_round_altar, first_bread, uniq_robin

Skill      XL: |  1  2  3 |
---------------+----------+-----
Stealth        | 1 |  1.8
Bows           | 6 |  6.4
Dodging        | 2 |  2.2
Fighting       | |  2.5
Armour         | |  0.2

Action                   |  1- 3 |  4- 6 || total
-------------------------+-------+-------++-------
Melee: Short sword       |       |    14 ||    14
 Fire: Shortbow          |   120 |    52 ||   172
  Use: Scroll            |     1 |       ||     1
       Potion            |     5 |     2 ||     7
  Eat: Bread ration      |       |     1 ||     1

Vault maps used:
D:1:      lightli_arrival_farm
D:2:      grunt_pakellas_basics, uniq_jessica
D:3:      nicolae_ru_awakened_eye, gammafunk_temple_overflow_pools,
          xom_redecorated
D:4:      lemuel_round_altar, first_bread, uniq_robin

Table legend:
 A = Turns spent in this place as a percentage of turns spent in the entire game.
 B = Non-inter-level travel turns spent in this place as a percentage of non-inter-level travel turns spent in the entire game.
 C = Inter-level travel turns spent in this place as a percentage of turns spent in this place.
 D = Turns resting spent in this place as a percentage of non-inter-level travel turns spent in this place.
 E = Turns spent auto-exploring this place as a percentage of non-inter-level travel turns spent in this place.
 F = Non-inter-level travel turns spent in this place divided by the number of levels of this place that you've seen.
                   A       B       C       D       E      F
               +-------+-------+-------+-------+-------+----------------------
         Total | 100.0 | 100.0 |   1.1 |   0.0 |  27.9 |  86.0
       Dungeon | 100.0 | 100.0 |   1.1 |   0.0 |  27.9 |  86.0
               +-------+-------+-------+-------+-------+----------------------

Table legend:
 A = Kills in this place as a percentage of kills in entire the game.
 B = Kills by you in this place as a percentage of kills by you in the entire game.
 C = Kills by friends in this place as a percentage of kills by friends in the entire game.
 D = Other kills in this place as a percentage of other kills in the entire game.
 E = Experience gained in this place as a percentage of experience gained in the entire game.
 F = Experience gained in this place divided by the number of levels of this place that you have seen.
                   A       B       C       D       E      F
               +-------+-------+-------+-------+-------+----------------------
         Total | 100.0 | 100.0 |  -nan |  -nan | 100.0 |  46.0
       Dungeon | 100.0 | 100.0 |  -nan |  -nan | 100.0 |  46.0
               +-------+-------+-------+-------+-------+----------------------
